[Event "Titled Tuesday Blitz February 21 Late 2023"]
[White "Yeritsyan, Hayk"]
[Black "mohsengabr2002"]
[WhiteFideId "13307320"]
[WhiteElo "2241"]
[BlackElo "2349"]
[Result "0-1"]
[Round "06"]
[TimeControl "180+2"]
[Date "2023.02.21"]
[WhiteClock "0:00:02"]
[BlackClock "0:00:02"]

1. d4 g6 2. Nf3 Bg7 3. Bf4 d6 4. e3 Nd7 5. c3 e5 6. Bg3 Ne7 7. h3 Nf5 8. Bh2 O-O 9. Be2 e4 10. Nfd2 Qe7 11. O-O h5 12. c4 Nh6 13. Nc3 f5 14. Rc1 c6 15. b4 a5 16. c5 axb4 17. Bxd6 Qd8 18. Qb3+ Kh7 19. Qxb4 Re8 20. Nc4 Nf7 21. Bh2 Bf8 22. a4 Qg5 23. Bf4 Qf6 24. a5 g5 25. Bh2 g4 26. hxg4 hxg4 27. Bf4 Kg6 28. g3 Bh6 29. Bxh6 Nxh6 30. Kg2 Nf7 31. Rh1 Ng5 32. Nd6 Re7 33. Nxc8 Rxc8 34. Qxb7 Rb8 35. Qc7 Rb2 36. Rb1 Rc2 37. Rhc1 Rxc1 38. Rxc1 Nxc5 39. Qb8 Nd3 40. Rh1 Nf3 41. a6 Qg7 42. Ra1 Nfe1+ 43. Kf1 Qh7 44. Bxd3 exd3 45. Kxe1 Qh1+ 46. Kd2 Qxa1 47. Qg8+ Kf6 48. Qf8+ Rf7 49. Qd6+ Kg7 50. Kxd3 Qxa6+ 51. Kd2 Qf1 52. Qe5+ Kg6 53. Qf4 Qc4 54. Ne2 Qb4+ 55. Kd1 Ra7 56. Nc1 Ra1 57. Qe5 Qb3+ 58. Kd2 Qb2+ 59. Kd3 Ra3+ 0-1


[Site "https://www.chess.com"]

[Event "Titled Tuesday Blitz February 21 Late 2023"]
[White "De Souza, Cristiano Gomes"]
[Black "Ezat, Mohamed"]
[WhiteFideId "2151758"]
[BlackFideId "10600906"]
[WhiteElo "2018"]
[BlackElo "2402"]
[Result "0-1"]
[Round "06"]
[TimeControl "180+2"]
[Date "2023.02.21"]
[WhiteClock "0:00:49"]
[BlackClock "0:01:28"]

1. d4 Nf6 2. c4 g6 3. Nf3 Bg7 4. Nc3 O-O 5. e4 d6 6. Be2 Bg4 7. Be3 Nfd7 8. h3 Bxf3 9. Bxf3 c5 10. d5 a6 11. Rc1 b5 12. cxb5 axb5 13. a3 b4 14. axb4 cxb4 15. Nb5 Na6 16. Nd4 Nac5 17. O-O Ne5 18. Be2 Nxe4 19. f4 Nd7 20. Nc6 Qe8 21. Nxb4 Ng3 22. Rf2 Bxb2 23. Rc2 Nxe2+ 24. Qxe2 Bg7 25. Nc6 Nf6 26. Qf3 Ra3 27. Rfd2 Qd7 28. g4 Re8 29. g5 Nh5 30. Kg2 h6 31. Qf2 Qf5 32. Rc4 Kh7 33. Nb4 Rb8 34. Nc2 Rd3 35. Rd1 Qxd5+ 0-1


[Site "https://www.chess.com"]

[Event "Titled Tuesday Blitz February 21 Late 2023"]
[White "Womacka, Mathias"]
[Black "Matsuura, Frederico"]
[WhiteFideId "4611390"]
[BlackFideId "2107848"]
[WhiteElo "2396"]
[BlackElo "2244"]
[Result "1-0"]
[Round "06"]
[TimeControl "180+2"]
[Date "2023.02.21"]
[WhiteClock "0:01:23"]
[BlackClock "0:00:14"]

1. e4 e6 2. d4 d5 3. Nd2 Nf6 4. e5 Nfd7 5. Bd3 c5 6. c3 Nc6 7. Ne2 cxd4 8. cxd4 f6 9. exf6 Nxf6 10. Nf3 Bd6 11. O-O Qc7 12. Nc3 a6 13. Bd2 O-O 14. Rc1 Kh8 15. h3 Bd7 16. Re1 Rae8 17. Na4 Bc8 18. a3 Qf7 19. Nb6 Nh5 20. Bxa6 Nxd4 21. Nxc8 Nxf3+ 22. Qxf3 Qxf3 23. gxf3 Rxc8 24. Rxc8 Rxc8 25. Bxb7 Rb8 26. Rxe6 Bf4 27. Bc3 Kg8 28. Bxd5 Kf8 29. Bb4+ 1-0


[Site "https://www.chess.com"]

[Event "Titled Tuesday Blitz February 21 Late 2023"]
[White "Rian, Kapriaga"]
[Black "Aradhya, Garg"]
[WhiteFideId "7103263"]
[BlackFideId "25006746"]
[WhiteElo "2089"]
[BlackElo "2284"]
[Result "0-1"]
[Round "06"]
[TimeControl "180+2"]
[Date "2023.02.21"]
[WhiteClock "0:00:01"]
[BlackClock "0:00:27"]

1. d4 d5 2. Nf3 Nf6 3. Bf4 c5 4. e3 Nc6 5. Nbd2 Nh5 6. Bg5 h6 7. Bh4 g5 8. Bg3 Nxg3 9. hxg3 Bg7 10. c3 Qb6 11. Qb3 c4 12. Qa3 Qa5 13. Qxa5 Nxa5 14. b3 b5 15. a4 Nxb3 16. Nxb3 cxb3 17. axb5 Bf5 18. Nd2 b2 19. Ra2 b1=Q+ 20. Nxb1 Bxb1 21. Ra1 Bf5 22. b6 O-O 23. b7 Rab8 24. Rxa7 Bd7 25. Ba6 e5 26. O-O Rfe8 27. Rb1 Bc6 28. Rb6 Bd7 29. Rd6 Be6 30. Rb6 exd4 31. cxd4 Red8 32. Bb5 Bf8 33. Bc6 Bd6 34. Ra8 Bc7 35. Rba6 Kf8 36. Rxb8 Rxb8 37. Ra8 Ke7 38. Ra6 g4 39. Kf1 Bd7 40. Bxd7 Kxd7 41. Rxh6 Rxb7 0-1


[Site "https://www.chess.com"]

[Event "Titled Tuesday Blitz February 21 Late 2023"]
[White "Leiva, Gianmarco"]
[Black "Lerch, Philipp"]
[WhiteFideId "3804399"]
[BlackFideId "4654129"]
[WhiteElo "2392"]
[BlackElo "2305"]
[Result "1-0"]
[Round "06"]
[TimeControl "180+2"]
[Date "2023.02.21"]
[WhiteClock "0:01:21"]
[BlackClock "0:00:29"]

1. e4 c5 2. Nc3 d6 3. g3 h5 4. h3 h4 5. g4 Nc6 6. Bg2 e6 7. Nge2 Qb6 8. d3 g6 9. O-O Bg7 10. Rb1 Nge7 11. Be3 Nd4 12. Qd2 Nec6 13. Nd1 Bd7 14. c3 Nxe2+ 15. Qxe2 Qc7 16. f4 f5 17. Nf2 O-O-O 18. b4 Bxc3 19. bxc5 dxc5 20. Bxc5 Nd4 21. Bxd4 Bxd4 22. Rfc1 Bc6 23. exf5 exf5 24. Bxc6 Bxf2+ 25. Kxf2 bxc6 26. Qe6+ 1-0


[Site "https://www.chess.com"]

[Event "Titled Tuesday Blitz February 21 Late 2023"]
[White "Jian, Alex"]
[Black "Zarnicki, Pablo"]
[WhiteFideId "30901022"]
[BlackFideId "100137"]
[WhiteElo "2031"]
[BlackElo "2514"]
[Result "1-0"]
[Round "06"]
[TimeControl "180+2"]
[Date "2023.02.21"]
[WhiteClock "0:02:02"]
[BlackClock "0:01:46"]

1. d4 Nf6 2. c4 g6 3. Nc3 Bg7 4. e4 d6 5. Nf3 O-O 6. Be2 e5 7. d5 a5 8. Be3 Ng4 9. Bg5 f6 10. Bh4 g5 11. Bg3 Nh6 12. h4 f5 13. hxg5 Ng4 14. exf5 Bxf5 15. Nh4 Qe8 16. Nxf5 1-0


[Site "https://www.chess.com"]

[Event "Titled Tuesday Blitz February 21 Late 2023"]
[White "Kielinkei"]
[Black "Shapiro, Viktor"]
[BlackFideId "4175700"]
[WhiteElo "2387"]
[BlackElo "2192"]
[Result "0-1"]
[Round "06"]
[TimeControl "180+2"]
[Date "2023.02.21"]
[WhiteClock "0:00:07"]
[BlackClock "0:01:53"]

1. e4 Nf6 2. e5 Nd5 3. d4 d6 4. c4 Nb6 5. exd6 cxd6 6. Nc3 g6 7. Be3 Bg7 8. Rc1 O-O 9. b3 f5 10. d5 e5 11. dxe6 Nc6 12. Nge2 Bxe6 13. Nd4 Bf7 14. Nxc6 bxc6 15. Be2 d5 16. cxd5 Nxd5 17. Nxd5 Bxd5 18. O-O f4 19. Bc5 f3 20. gxf3 Qg5+ 21. Kh1 Rae8 22. Be3 Qh5 23. Bc4 Rxf3 24. Bxd5+ cxd5 25. Rg1 d4 26. Bd2 Qd5 27. Rg2 Rxf2 28. Qg4 Qxg2+ 29. Qxg2 Rxg2 30. Kxg2 0-1


[Site "https://www.chess.com"]

[Event "Titled Tuesday Blitz February 21 Late 2023"]
[White "Vovk, Orest"]
[Black "Kovalevsky, Stanislav"]
[WhiteFideId "14113490"]
[BlackFideId "13508598"]
[WhiteElo "2315"]
[BlackElo "2237"]
[Result "1/2-1/2"]
[Round "06"]
[TimeControl "180+2"]
[Date "2023.02.21"]
[WhiteClock "0:00:03"]
[BlackClock "0:00:07"]

1. h4 d5 2. h5 e5 3. h6 Nxh6 4. d4 exd4 5. Bxh6 gxh6 6. Qxd4 Rg8 7. Nc3 c6 8. O-O-O Bg7 9. Qd3 Qg5+ 10. Kb1 Bf5 11. e4 Bg6 12. Nf3 Qf6 13. Qe3 dxe4 14. Nh4 Nd7 15. Nxg6 hxg6 16. Qxe4+ Qe5 17. Qa4 O-O-O 18. Qxa7 Qc5 19. Qxc5 Nxc5 20. Bc4 Bxc3 21. Rxd8+ Rxd8 22. bxc3 Ne4 23. Bxf7 Rd2 24. Bxg6 Nxc3+ 25. Kb2 Nd5 26. Rxh6 Rxf2 27. g4 Kc7 28. Rh7+ Kb6 29. Be4 Ne3 30. g5 Nc4+ 31. Kc3 Nd6 32. Bd3 Rg2 33. g6 Kc5 34. Rd7 b5 35. a3 Rg3 36. Kb2 Nc4+ 37. Bxc4 Kxc4 38. g7 c5 39. Rf7 Rg1 40. Rd7 Rg3 41. Kc1 Rg2 42. Rc7 Kd5 43. Kd1 Kd6 44. Rb7 Kc6 45. Ra7 Kb6 46. Rf7 b4 47. axb4 cxb4 48. Ke1 Kc5 49. Kf1 Rg6 50. Kf2 Kd4 51. Kf3 Kc3 52. Rc7+ Kd2 53. Kf4 Kd1 54. Ke3 Rg4 55. Kd3 Kc1 56. Rb7 Rg3+ 57. Kc4 Kxc2 58. Kxb4 Kd3 59. Kc5 Ke4 60. Kd6 Kf5 61. Rb5+ Kf6 62. Rb3 Rxg7 63. Rf3+ Kg6 64. Rg3+ Kh6 65. Rxg7 Kxg7 1/2-1/2


[Site "https://www.chess.com"]

[Event "Titled Tuesday Blitz February 21 Late 2023"]
[White "Novikov, Evgenij"]
[Black "Nunez V, Gustavo Eduardo"]
[WhiteFideId "4125380"]
[BlackFideId "4403690"]
[WhiteElo "2276"]
[BlackElo "2212"]
[Result "0-1"]
[Round "06"]
[TimeControl "180+2"]
[Date "2023.02.21"]
[WhiteClock "0:00:02"]
[BlackClock "0:00:21"]

1. d4 Nf6 2. c4 g6 3. Nc3 Bg7 4. e4 d6 5. Be2 O-O 6. Nf3 e5 7. d5 Nbd7 8. O-O Nc5 9. Qc2 a5 10. Bg5 h6 11. Be3 b6 12. Ne1 Ng4 13. Bxg4 Bxg4 14. f3 Bd7 15. Nd3 f5 16. Nxc5 bxc5 17. Bf2 a4 18. Rfb1 Qg5 19. Qc1 Qh5 20. Qd2 fxe4 21. Nxe4 Qf5 22. Re1 h5 23. b4 axb3 24. axb3 Rxa1 25. Rxa1 Rb8 26. Rb1 g5 27. Qxg5 Qxg5 28. Nxg5 Ba4 29. Ne6 Rxb3 30. Rxb3 Bxb3 31. Nxg7 Kxg7 32. Bh4 Bxc4 33. Bd8 Kf7 34. Bxc7 Ke7 35. g4 Bxd5 36. Kf2 hxg4 37. fxg4 Kd7 38. Ba5 Be6 39. g5 Bf7 40. Kf3 Bh5+ 41. Kg3 Ke6 42. Kh4 Bg6 43. Kg4 d5 44. h4 d4 45. h5 Bf5+ 46. Kf3 c4 47. g6 Kf6 48. Bd8+ Ke6 49. g7 Bh7 50. h6 c3 51. Bg5 e4+ 52. Ke2 Kd5 53. Bf6 Kc4 54. Be5 c2 55. Kd2 e3+ 56. Kc1 d3 57. Bf4 d2+ 58. Kb2 c1=Q+ 59. Ka2 Qb1+ 60. Ka3 Qb3# 0-1


[Site "https://www.chess.com"]

[Event "Titled Tuesday Blitz February 21 Late 2023"]
[White "Veiga, Jose Francisco R P Neves"]
[Black "Uzcategui Rodriguez, Alejandro"]
[WhiteFideId "1930087"]
[BlackFideId "3903400"]
[WhiteElo "2406"]
[BlackElo "2255"]
[Result "1-0"]
[Round "06"]
[TimeControl "180+2"]
[Date "2023.02.21"]
[WhiteClock "0:00:08"]
[BlackClock "0:00:07"]

1. b3 Nf6 2. Bb2 e6 3. e3 d5 4. Nf3 c5 5. c4 Nc6 6. cxd5 Nxd5 7. Be2 Be7 8. O-O O-O 9. d4 Bf6 10. Na3 b6 11. Nc4 cxd4 12. Nxd4 Nxd4 13. Bxd4 Bxd4 14. Qxd4 Bb7 15. Bf3 Qg5 16. h4 Qe7 17. Rac1 Rfd8 18. Qg4 Nf6 19. Qg3 Bxf3 20. Qxf3 Rac8 21. Rfd1 h6 22. g3 b5 23. Ne5 Rxd1+ 24. Qxd1 Rd8 25. Qe2 Qd6 26. Qxb5 Qd2 27. Rc7 Qe1+ 28. Qf1 Qa5 29. Nxf7 Qxc7 30. Nxd8 Qxd8 31. Qc4 Qd5 32. Qc8+ Kh7 33. Qc7 e5 34. Qxa7 Qf3 35. Qf7 e4 36. a4 Qd1+ 37. Kg2 Qd5 38. Qxd5 Nxd5 39. Kf1 Kg6 40. Ke2 Nb4 41. f3 Kf5 42. g4+ Ke5 43. f4+ Kd5 44. Kd2 Nc6 45. Kc3 Kc5 46. h5 Nb4 47. g5 Nc6 48. a5 Kb5 49. a6 Kxa6 50. Kc4 Kb6 51. Kd5 Ne7+ 52. Kxe4 Kc5 53. Ke5 Nc6+ 54. Kf5 Kd5 55. Kg6 Ke4 56. Kxg7 Kxe3 57. gxh6 Kxf4 58. h7 1-0


[Site "https://www.chess.com"]

[Event "Titled Tuesday Blitz February 21 Late 2023"]
[White "Drnovsek, Gal"]
[Black "Rios Escobar, Adan"]
[WhiteFideId "14607077"]
[BlackFideId "3403645"]
[WhiteElo "2397"]
[BlackElo "2234"]
[Result "0-1"]
[Round "06"]
[TimeControl "180+2"]
[Date "2023.02.21"]
[WhiteClock "0:02:22"]
[BlackClock "0:01:58"]

1. e4 c5 2. c3 d5 3. exd5 Nf6 4. Bb5+ Nbd7 5. c4 a6 6. Bxd7+ Bxd7 7. d3 e6 8. dxe6 fxe6 9. Nf3 Bd6 10. O-O O-O 11. Nc3 Bc6 12. Re1 Qc7 13. h3 Rae8 14. Bg5 Nh5 15. Nd2 Bh2+ 16. Kh1 Rxf2 17. Nde4 Ng3+ 18. Nxg3 Qxg3 0-1


[Site "https://www.chess.com"]

[Event "Titled Tuesday Blitz February 21 Late 2023"]
[White "Berezin, Viktor"]
[Black "Kovacs, Klara"]
[WhiteFideId "14107872"]
[BlackFideId "733210"]
[WhiteElo "2307"]
[BlackElo "2121"]
[Result "1-0"]
[Round "06"]
[TimeControl "180+2"]
[Date "2023.02.21"]
[WhiteClock "0:00:04"]
[BlackClock "0:00:02"]

1. d4 e6 2. Nf3 Nf6 3. c4 d5 4. g3 dxc4 5. Bg2 Bb4+ 6. Bd2 c5 7. O-O O-O 8. dxc5 Bxc5 9. Qc2 Nc6 10. Qxc4 Qd5 11. Qh4 Qh5 12. Qxh5 Nxh5 13. Nc3 e5 14. Rac1 Bb6 15. Nd5 Bd4 16. Bc3 Bxc3 17. Rxc3 Bg4 18. h3 Bxf3 19. Bxf3 g6 20. Bxh5 gxh5 21. Nf6+ Kh8 22. Nxh5 Nd4 23. Re1 Rac8 24. Kg2 Rxc3 25. bxc3 Ne6 26. Nf6 Kg7 27. Ne4 f5 28. Nd6 b6 29. e4 f4 30. Nf5+ Kf6 31. Rd1 Rc8 32. Rd6 Rxc3 33. g4 Kf7 34. Rd7+ Kf6 35. h4 Rc7 36. Rd6 Kf7 37. g5 Nc5 38. Rf6+ Ke8 39. f3 Rd7 40. h5 Rd2+ 41. Kh3 Rf2 42. Nh4 Nd7 43. Rh6 Nf8 44. Kg4 Rxa2 45. g6 hxg6 46. hxg6 Ne6 47. Kf5 Kd7 48. Rh7+ Kd6 49. g7 Nxg7+ 50. Rxg7 a5 51. Ng6 a4 52. Nxe5 a3 53. Ra7 Ra1 54. Rxa3 Rf1 55. Nc4+ Kc5 56. Nxb6 Kxb6 57. Kxf4 1-0


[Site "https://www.chess.com"]

[Event "Titled Tuesday Blitz February 21 Late 2023"]
[White "Martinez Reyes, Pedro Ramon"]
[Black "Bhavikatti, Neil"]
[WhiteFideId "3901807"]
[BlackFideId "30935024"]
[WhiteElo "2376"]
[BlackElo "2051"]
[Result "0-1"]
[Round "06"]
[TimeControl "180+2"]
[Date "2023.02.21"]
[WhiteClock "0:01:46"]
[BlackClock "0:00:37"]

1. e4 e5 2. d4 exd4 3. c3 Nf6 4. e5 Nd5 5. Qxd4 Nb6 6. Nf3 d5 7. exd6 Qxd6 8. Bf4 Qxd4 9. Nxd4 c6 10. Bd3 Nd5 11. Bg3 Be7 12. Nf5 Bxf5 13. Bxf5 O-O 14. Nd2 g6 15. Bg4 Bg5 16. O-O-O Na6 17. Kc2 f5 18. Bf3 f4 19. h4 fxg3 20. hxg5 gxf2 21. Bxd5+ cxd5 22. Nf3 Rad8 23. Rd2 Nc5 24. Rxf2 Ne4 25. Re2 Ng3 26. Rhe1 Nxe2 27. Rxe2 Rfe8 28. Rd2 Re4 29. Nd4 a6 30. a4 Kf7 31. Rf2+ Ke7 32. Rf6 Rd6 33. Rf3 Re5 34. Rh3 Rxg5 35. Rxh7+ Kf6 36. Rxb7 Rxg2+ 37. Kb3 g5 38. Rb8 g4 39. Rf8+ Kg5 40. Rf5+ Kg6 41. a5 Rd7 42. Ka3 Rb7 43. b4 Rc7 44. b5 Rxc3+ 45. Kb4 Rc4+ 46. Kb3 0-1


[Site "https://www.chess.com"]

[Event "Titled Tuesday Blitz February 21 Late 2023"]
[White "Vega Gutierrez, Sabrina"]
[Black "Delgado Rosas, Fatima Alexandra"]
[WhiteFideId "2219026"]
[BlackFideId "6603963"]
[WhiteElo "2377"]
[BlackElo "1500"]
[Result "1-0"]
[Round "06"]
[TimeControl "180+2"]
[Date "2023.02.21"]
[WhiteClock "0:00:25"]
[BlackClock "0:02:11"]

1. e4 Nc6 2. Nf3 d5 3. exd5 Qxd5 4. d4 Bg4 5. Be2 Nf6 6. c4 Qh5 7. O-O O-O-O 8. d5 e6 9. h3 exd5 10. hxg4 Nxg4 11. Bf4 Bd6 12. Nh2 Qg6 13. Bxg4+ f5 14. Bxd6 Rxd6 15. Bh5 Qf6 16. c5 Re6 17. Nc3 Rd8 18. Re1 g6 19. Rxe6 Qxe6 20. Bf3 d4 21. Nb5 Ne5 22. Qa4 a6 23. Nxd4 Qf6 24. c6 Nxc6 25. Nxc6 bxc6 26. Qxa6+ Kd7 27. Rd1+ Ke7 28. Rxd8 Kxd8 29. Qxc6 Qxb2 30. Bd5 Qc1+ 31. Qxc1 1-0


[Site "https://www.chess.com"]

[Event "Titled Tuesday Blitz February 21 Late 2023"]
[White "Jorajuria Mendoza, Algol"]
[Black "Karwowski, Kacper"]
[WhiteFideId "5128897"]
[BlackFideId "1126032"]
[WhiteElo "2069"]
[BlackElo "2164"]
[Result "1-0"]
[Round "06"]
[TimeControl "180+2"]
[Date "2023.02.21"]
[WhiteClock "0:00:25"]
[BlackClock "0:00:03"]

1. e4 d6 2. d4 Nf6 3. Nc3 g6 4. Be3 c6 5. f3 b5 6. Qd2 Qa5 7. h4 Nbd7 8. g4 Bb7 9. h5 O-O-O 10. h6 e5 11. g5 Nh5 12. Nge2 exd4 13. Qxd4 Ne5 14. Kf2 Be7 15. Qxa7 Qxa7 16. Bxa7 Bxg5 17. Bb6 Rd7 18. Bh3 Bxh6 19. Bxd7+ Kxd7 20. Bd4 Re8 21. Rad1 Bg7 22. f4 Ng4+ 23. Kf3 Bxd4 24. Rxd4 f5 25. Rhd1 Re6 26. e5 c5+ 27. Rd5 Bxd5+ 28. Rxd5 Kc6 29. Rxd6+ Rxd6 30. exd6 b4 31. Nb5 Kxb5 32. d7 Nh2+ 33. Kg2 Nxf4+ 34. Nxf4 Ng4 35. d8=Q 1-0


[Site "https://www.chess.com"]

[Event "Titled Tuesday Blitz February 21 Late 2023"]
[White "CheckBits"]
[Black "Smith, Garrett L"]
[BlackFideId "2024829"]
[WhiteElo "2452"]
[BlackElo "2047"]
[Result "1/2-1/2"]
[Round "06"]
[TimeControl "180+2"]
[Date "2023.02.21"]
[WhiteClock "0:00:06"]
[BlackClock "0:00:08"]

1. d4 Nf6 2. Nf3 g6 3. Bf4 Nh5 4. Bg5 h6 5. Bd2 c5 6. c3 cxd4 7. cxd4 d6 8. Nc3 Nc6 9. e4 Bg7 10. Be3 Nf6 11. d5 Ne5 12. Nxe5 dxe5 13. Be2 O-O 14. O-O e6 15. d6 b6 16. Qd3 Bb7 17. Rfd1 Qd7 18. a4 Rfd8 19. a5 bxa5 20. Rxa5 a6 21. Na4 Bxe4 22. Qa3 Qb7 23. Nc5 Qc6 24. Nxe4 Nxe4 25. Rxa6 Rxa6 26. Qxa6 Qxa6 27. Bxa6 Rxd6 28. Rxd6 Nxd6 29. b4 e4 30. b5 Be5 31. Ba7 f5 32. Bb8 Kf7 33. b6 Ke7 34. b7 Kd7 35. Ba7 Ne8 36. b8=Q Bxb8 37. Bxb8 Nd6 38. Bxd6 Kxd6 39. Kf1 Ke5 40. Ke2 g5 41. g3 h5 42. Bc8 f4 43. Bd7 Kd6 44. Be8 h4 45. g4 Ke5 46. h3 Kd4 47. Bg6 e5 48. Bh7 Kd5 49. Kd2 Kd4 50. Bf5 Kd5 51. Bg6 Kd4 52. Bf7 e3+ 53. fxe3+ fxe3+ 54. Ke2 Ke4 55. Bg6+ Kf4 56. Bf5 Kg3 57. Kxe3 Kxh3 58. Ke4 Kg3 59. Kxe5 h3 60. Kf6 h2 61. Be4 Kxg4 62. Kg6 Kh4 63. Bg2 g4 64. Bh1 Kg3 65. Kf5 Kf2 66. Kxg4 Kg1 67. Kf3 Kxh1 68. Kf2 1/2-1/2


[Site "https://www.chess.com"]

[Event "Titled Tuesday Blitz February 21 Late 2023"]
[White "Mazurkiewicz, Michal"]
[Black "Lucassen, Mickey"]
[WhiteFideId "1124943"]
[BlackFideId "12919110"]
[WhiteElo "2145"]
[BlackElo "2023"]
[Result "1-0"]
[Round "06"]
[TimeControl "180+2"]
[Date "2023.02.21"]
[WhiteClock "0:00:38"]
[BlackClock "0:00:05"]

1. e4 c5 2. Nf3 d6 3. g3 Nf6 4. d3 g6 5. Bg2 Bg7 6. O-O O-O 7. Re1 Nc6 8. e5 dxe5 9. Nxe5 Nxe5 10. Rxe5 Nd7 11. Re2 e6 12. Nc3 Qc7 13. Bf4 Qb6 14. Ne4 Qxb2 15. Rb1 Qxa2 16. Nd6 e5 17. Be3 Qe6 18. Nxb7 Bxb7 19. Rxb7 a5 20. c4 a4 21. Ra2 a3 22. Qb3 Rfb8 23. Rxa3 Rxa3 24. Rxb8+ Nxb8 25. Qxa3 Nd7 26. Qa8+ Bf8 27. Bh6 Qd6 28. Bd5 Nb6 29. Qe8 Nxd5 30. cxd5 Qe7 31. Qc8 1-0


[Site "https://www.chess.com"]

[Event "Titled Tuesday Blitz February 21 Late 2023"]
[White "Guzman Moneo, Alberto"]
[Black "Bambino Filho, Antonio Carlos"]
[WhiteFideId "2209616"]
[BlackFideId "2113163"]
[WhiteElo "2170"]
[BlackElo "2144"]
[Result "1-0"]
[Round "06"]
[TimeControl "180+2"]
[Date "2023.02.21"]
[WhiteClock "0:02:32"]
[BlackClock "0:01:46"]

1. e4 c5 2. Nc3 Nc6 3. Bb5 Nd4 4. Nf3 Nxb5 5. Nxb5 g6 6. d4 Bg7 7. dxc5 Qa5+ 8. Nc3 Bxc3+ 9. bxc3 Qxc3+ 10. Bd2 Qc4 11. Qe2 Nf6 12. Qxc4 1-0


[Site "https://www.chess.com"]

[Event "Titled Tuesday Blitz February 21 Late 2023"]
[White "Romero Ruscalleda, Josep"]
[Black "Kleiman, Jake"]
[WhiteFideId "2231859"]
[BlackFideId "2020041"]
[WhiteElo "2160"]
[BlackElo "2399"]
[Result "0-1"]
[Round "06"]
[TimeControl "180+2"]
[Date "2023.02.21"]
[WhiteClock "0:00:47"]
[BlackClock "0:01:00"]

1. e4 Nf6 2. e5 Nd5 3. Nf3 d6 4. d4 dxe5 5. Nxe5 c6 6. Be2 g6 7. O-O Bg7 8. h3 O-O 9. c3 Nd7 10. Nc4 e5 11. dxe5 Nxe5 12. Nxe5 Bxe5 13. Nd2 Nf4 14. Bf3 Qg5 15. Kh1 Qh4 16. Ne4 Nxh3 17. g3 Nxf2+ 18. Kg2 Bxg3 19. Nxg3 Nxd1 20. Rxd1 Qh3+ 21. Kf2 Qh2+ 22. Bg2 Bh3 23. Rg1 Bxg2 24. Rxg2 Qh4 25. Be3 Rfe8 26. Re1 Re5 27. Bd4 Rxe1 28. Kxe1 Re8+ 29. Kf2 Qf4+ 30. Kg1 Re1+ 31. Kh2 Qh4# 0-1


[Site "https://www.chess.com"]

[Event "Titled Tuesday Blitz February 21 Late 2023"]
[White "Benmesbah, Natacha"]
[Black "Becerra, Juan David"]
[WhiteFideId "642002"]
[BlackFideId "4404998"]
[WhiteElo "2261"]
[BlackElo "2382"]
[Result "0-1"]
[Round "06"]
[TimeControl "180+2"]
[Date "2023.02.21"]
[WhiteClock "0:00:01"]
[BlackClock "0:00:56"]

1. e4 e5 2. Nf3 Nc6 3. Bc4 Nf6 4. Ng5 d5 5. exd5 Na5 6. Bb5+ c6 7. dxc6 bxc6 8. Bd3 Nd5 9. Ne4 Nf4 10. Bf1 f5 11. Nec3 Bc5 12. d3 O-O 13. Bxf4 exf4 14. Be2 Qb6 15. O-O Qxb2 16. Na4 Qxa1 17. Nxc5 Qxa2 18. Qd2 Rb8 19. Nc3 Qa3 20. N3a4 Rb4 21. Nc3 Rd4 22. Nb3 Nxb3 23. cxb3 Qb4 24. Ra1 Be6 25. Rxa7 Qxb3 26. Bf3 Rfd8 27. Be2 f3 28. gxf3 f4 29. Kg2 Bf5 30. Ne4 Bxe4 31. fxe4 Rxe4 32. Bf3 Re6 33. d4 Rg6+ 34. Kf1 Qxf3 35. Qa2+ Qd5 0-1


[Site "https://www.chess.com"]

[Event "Titled Tuesday Blitz February 21 Late 2023"]
[White "Hajiyev, Kanan"]
[Black "Paspuel, Trosky"]
[WhiteFideId "13404148"]
[BlackFideId "3602150"]
[WhiteElo "2197"]
[BlackElo "1721"]
[Result "1-0"]
[Round "06"]
[TimeControl "180+2"]
[Date "2023.02.21"]
[WhiteClock "0:00:31"]
[BlackClock "0:00:11"]

1. d4 Nf6 2. Nf3 e6 3. c4 d5 4. cxd5 exd5 5. Nc3 c6 6. Qc2 Bd6 7. Bg5 O-O 8. e3 h6 9. Bh4 Re8 10. Bd3 Nbd7 11. O-O g5 12. Bg3 Bxg3 13. hxg3 Qe7 14. Rab1 Ne4 15. Bxe4 dxe4 16. Nd2 f5 17. b4 a6 18. a4 b5 19. Nb3 Nb6 20. Nc5 Nc4 21. Rfd1 Be6 22. d5 Bxd5 23. Nxd5 cxd5 24. Rxd5 Rad8 25. Rbd1 Rxd5 26. Rxd5 f4 27. Rd7 Qf6 28. gxf4 gxf4 29. exf4 e3 30. Qh7+ Kf8 31. fxe3 Nxe3 32. Rd1 Qg7 33. Nd7+ Kf7 34. Ne5+ Rxe5 35. Rd7+ Re7 36. Rxe7+ Kxe7 37. Qxg7+ 1-0


[Site "https://www.chess.com"]

[Event "Titled Tuesday Blitz February 21 Late 2023"]
[White "Buchenau, Frank"]
[Black "Stachanczyk, Jacek"]
[WhiteFideId "4604350"]
[BlackFideId "1116657"]
[WhiteElo "2222"]
[BlackElo "2147"]
[Result "0-1"]
[Round "06"]
[TimeControl "180+2"]
[Date "2023.02.21"]
[WhiteClock "0:00:42"]
[BlackClock "0:01:01"]

1. e4 c5 2. Nf3 d6 3. Bb5+ Bd7 4. Bxd7+ Qxd7 5. c4 Nf6 6. Nc3 g6 7. d4 cxd4 8. Nxd4 Bg7 9. f3 O-O 10. Be3 Qc7 11. b3 a6 12. Qd3 Qa5 13. O-O Nc6 14. Nxc6 bxc6 15. c5 Nd7 16. Rac1 Nxc5 17. Qc4 Ne6 18. b4 Qa3 19. f4 Rab8 20. f5 Rxb4 21. Qxc6 Nd4 22. Qc7 Nb5 23. Nxb5 Qxe3+ 0-1


[Site "https://www.chess.com"]

[Event "Titled Tuesday Blitz February 21 Late 2023"]
[White "Kochetov, Andrey"]
[Black "Zampronha, Wladimir Camilo"]
[WhiteFideId "24130532"]
[BlackFideId "2103087"]
[WhiteElo "2165"]
[BlackElo "2176"]
[Result "0-1"]
[Round "06"]
[TimeControl "180+2"]
[Date "2023.02.21"]
[WhiteClock "0:00:03"]
[BlackClock "0:00:23"]

1. e4 c5 2. Nf3 e6 3. d4 cxd4 4. Nxd4 Nc6 5. Nc3 Qc7 6. Be3 a6 7. f4 Bb4 8. Qd2 Nf6 9. Bd3 d5 10. e5 Ng4 11. Bg1 Nxd4 12. Bxd4 Bc5 13. Ne2 Bxd4 14. Nxd4 Qb6 15. c3 Bd7 16. O-O O-O 17. Kh1 f5 18. exf6 Nxf6 19. Rae1 Rae8 20. Re3 Qd6 21. g3 e5 22. fxe5 Rxe5 23. Rxe5 Qxe5 24. Re1 Qh5 25. Be2 Bg4 26. Bxg4 Nxg4 27. h4 Nf2+ 28. Kg2 Ne4 29. Qe3 Qg4 30. Ne2 Rf2+ 31. Qxf2 Nxf2 32. Kxf2 Qc4 33. Nf4 Qxa2 34. Re2 h6 35. Rd2 a5 36. Nxd5 a4 37. Ke2 a3 38. bxa3 Qxa3 39. Kd3 Qd6 40. Kd4 Qxg3 41. Rc2 Qxh4+ 42. Kc5 Qd8 43. c4 h5 44. Rh2 h4 45. Kd4 g5 46. Ke4 g4 47. Ke3 h3 48. Kf2 Qd6 49. Kg1 Qg3+ 50. Kh1 Qe1# 0-1


[Site "https://www.chess.com"]

[Event "Titled Tuesday Blitz February 21 Late 2023"]
[White "Herbst, Richard"]
[Black "Poeta, Caio Medeiros"]
[WhiteFideId "2041251"]
[BlackFideId "2142660"]
[WhiteElo "2120"]
[BlackElo "2088"]
[Result "0-1"]
[Round "06"]
[TimeControl "180+2"]
[Date "2023.02.21"]
[WhiteClock "0:00:08"]
[BlackClock "0:00:07"]

1. e4 c6 2. Nc3 d5 3. Nf3 Bg4 4. h3 Bh5 5. g4 Bg6 6. d3 e6 7. Bg2 Bb4 8. Bd2 Nf6 9. e5 Nfd7 10. Qe2 c5 11. a3 Bxc3 12. bxc3 Nc6 13. O-O O-O 14. Rab1 b6 15. Rfe1 Rc8 16. Bg5 Qc7 17. h4 h6 18. Bf4 Rce8 19. Qd2 Qd8 20. Bxh6 gxh6 21. Qxh6 Ndxe5 22. Nxe5 Nxe5 23. Rxe5 Qf6 24. Rg5 Qh8 25. Qxh8+ Kxh8 26. h5 Bh7 27. Re5 Kg7 28. Rbe1 Rc8 29. f4 c4 30. d4 Bxc2 31. f5 exf5 32. gxf5 Kf6 33. Bxd5 Rg8+ 34. Kf2 Rg5 35. Bb7 Rc7 36. Bf3 Rxf5 37. Re8 b5 38. Kg3 Rg5+ 39. Kh4 Rf5 40. Bg4 Rf2 41. R1e5 a6 42. Rd8 Rc6 43. Rh8 Kg7 44. Rd8 Rcf6 45. Kg3 Rf1 46. d5 Rg1+ 47. Kh4 Rf4 48. Rg5+ Kh7 49. Rdg8 Rf6 50. R8g7+ Kh6 51. Rg8 Kh7 52. Kh3 Kh6 53. Kh2 Re1 54. Kg3 Rg1+ 55. Kh2 Re1 56. Bh3 Re2+ 57. Bg2 Be4 58. Kh3 Bxg2+ 59. Rxg2 Rxg2 60. Rxg2 Rf3+ 61. Kg4 Rd3 62. Rf2 Rxd5 63. Rf6+ Kg7 64. Rxa6 Rd3 65. Rb6 Rxc3 66. Rxb5 Rxa3 67. Rc5 Rc3 68. Kg5 Rc1 69. Kf5 Rf1+ 70. Kg5 Rc1 71. h6+ Kh7 72. Kf6 c3 73. Kxf7 c2 74. Ke7 Re1+ 75. Kd7 c1=Q 76. Rxc1 Rxc1 0-1


[Site "https://www.chess.com"]